 Dungeon Crawl Stone Soup version 0.13-a0-2214-g11ebcbd (webtiles) character file.

466 Kae the Cudgeler (level 5, -20/47 HPs)
             Began as a Minotaur Berserker on July 3, 2013.
             Was a Priest of Trog.
             Demolished by an ogre
             ... wielding a +0,+0 great mace
              (24 damage)
             ... on Level 3 of the Dungeon.
             The game lasted 00:02:26 (2569 turns).

Kae the Cudgeler (Minotaur Berserker)               Turns: 2569, Time: 00:02:26

HP -20/47        AC  2     Str 23      XL: 5   Next: 84%
MP   1/1         EV 12     Int  4      God: Trog [***...]
Gold 220         SH  0     Dex  9      Spells:  0 memorised,  4 levels left

Res.Fire  : . . .   See Invis. : .   a - +0 mace
Res.Cold  : . . .   Warding    : .   b - +0 animal skin
Life Prot.: . . .   Conserve   : .   (no shield)
Res.Poison: .       Res.Corr.  : .   (helmet restricted)
Res.Elec. : .       Clarity    : .   (no cloak)
Sust.Abil.: . .     Spirit.Shd : .   (no gloves)
Res.Mut.  : .       Stasis     : .   (no boots)
Res.Rott. : .       Flight     : .   (no amulet)
Saprovore : . . .                    (no ring)
                                     (no ring)

@: slightly resistant to hostile enchantments, very unstealthy
A: retaliatory headbutt, horns 2
a: Burn Spellbooks, Berserk, Trog's Hand, Renounce Religion


You were on level 3 of the Dungeon.
You worshipped Trog.
Trog was greatly pleased with you.
You were not hungry.

You visited 1 branch of the dungeon, and saw 4 of its levels.

You collected 200 gold pieces.

Inventory:

Hand weapons
 a - a +0,+0 mace (weapon)
Armour
 b - a +0 animal skin (worn)
Comestibles
 c - 6 bread rations
 j - 4 meat rations
 k - 10 sultanas
 m - 2 chokos
 z - an apple
 B - a lychee
 C - a chunk of rat flesh
Scrolls
 d - 3 scrolls of teleportation {unknown}
 f - a scroll of curse weapon {unknown}
 g - 4 scrolls of identify {unknown}
 h - 2 scrolls of remove curse {unknown}
 i - a scroll of curse armour {unknown}
 l - a scroll of random uselessness {unknown}
 q - a scroll of amnesia {unknown}
 v - 3 scrolls of magic mapping {unknown}
 w - 2 scrolls of blinking {unknown}
 x - a scroll of curse jewellery {unknown}
 y - a scroll of enchant armour {unknown}
 D - a scroll of recharging {unknown}
 F - a scroll of enchant weapon I {unknown}
Potions
 e - a potion of brilliance {unknown}
 n - a potion of agility {unknown}
 o - 3 potions of heal wounds {unknown}
 p - 7 potions of curing {unknown}
 r - 2 potions of mutation {unknown}
 s - a potion of resistance {unknown}
 t - a potion of poison {unknown}
 u - a potion of might {unknown}
 A - 2 potions of slowing {unknown}
 E - 2 potions of paralysis {unknown}


   Skills:
 + Level 5.0 Fighting
 * Level 5.6 Maces & Flails
 + Level 3.7 Armour
 + Level 3.5 Dodging


You had 4 spell levels left.
You didn't know any spells.

Dungeon Overview and Level Annotations

Branches:
Dungeon (4/27)
 Temple: D:4-7

Altars:
Nemelex Xobeh

Annotations
D:4 Eustachio


Innate Abilities, Weirdness & Mutations

You reflexively headbutt those who attack you in melee.
You have a pair of horns on your head.


Message History

a halberd; an uncursed club; a throwing net; a leather armour; a club
Items here: % )))) a giant frog skeleton; a flail; an uncursed club; a club an uncursed whip of electrocution
There is a stone staircase leading up, spattered with blood here.
The ogre hits you with a great mace!
You climb upwards.
There is a stone staircase leading down here.
Unknown command.
You hit the ogre but do no damage. You headbutt the ogre!
The ogre is heavily wounded.
The ogre hits you with a great mace!
* * * LOW HITPOINT WARNING * * *
You hit the ogre.
The ogre is severely wounded.
You thump the ogre!
The ogre is almost dead.
The ogre hits you with a great mace!
Ouch! That really hurt!
You die...

#...........# #....##.#.##
###........#######...........
#.).###########.##.....#.#.##
#...............##.....#.#.##
#...###########.##.....#.#...
#.............#.##.....#.#..#
#....#######.##.##.....#.#.##
#....# #.##.##.....#.#.##
#....# #@O...............
#....# #.##.####.#...#.##
##.#.# #.##.# #.#......#
#.#.# #.##.####.#)###..#
#.#.#######.##.........<#..#
#.#.......#.#######.#.###..#
##.#######.#.........#.# #..#
#..................#.#.# #..#
#####..#######.#.........#.#
#..#


You could see an ogre.

Vanquished Creatures
  A giant frog (D:4)
  A gnoll shaman (D:4)
  6 gnolls (D:4)
  An adder (D:4)
  3 worms
  An ooze (D:2)
  2 ball pythons
  7 bats
  5 giant cockroaches
  7 hobgoblins
  4 jackals (D:3)
  6 kobolds
  A quokka (D:2)
  2 giant geckos
  A giant newt (D:1)
  8 goblins
  7 rats
63 creatures vanquished.

Vanquished Creatures (others)
  A giant newt (D:1)
  A rat (D:2)
2 creatures vanquished.

Grand Total: 65 creatures vanquished

Notes
Turn   | Place    | Note
--------------------------------------------------------------
     0 | D:1      | Kae, the Minotaur Berserker, began the quest for the Orb.
     0 | D:1      | Reached XP level 1. HP: 19/19 MP: 0/0
   235 | D:1      | Reached XP level 2. HP: 9/26 MP: 0/0
   319 | D:1      | Reached skill level 4 in Maces & Flails
   406 | D:1      | Acquired Trog's second power
   647 | D:2      | Reached XP level 3. HP: 31/33 MP: 1/1
  1611 | D:3      | Found a sparkling altar of Nemelex Xobeh.
  1872 | D:4      | Reached XP level 4. HP: 36/40 MP: 1/1
  1886 | D:4      | Noticed a giant frog
  1905 | D:4      | Killed a giant frog
  1905 | D:4      | Reached skill level 5 in Maces & Flails
  1905 | D:4      | Reached XP level 5. HP: 47/47 MP: 1/1
  2146 | D:4      | Reached skill level 5 in Fighting
  2537 | D:4      | Noticed an ogre
  2538 | D:4      | Noticed Eustachio
  2569 | D:3      | Demolished by an ogre

Action                   |  1- 3 |  4- 6 || total
-------------------------+-------+-------++-------
Melee: Mace              |    98 |    37 ||   135
Invok: Berserk           |       |     2 ||     2
